 Dungeon Crawl Stone Soup version 0.29.1-2-gbd0b4ee654 (webtiles) character file.

Game seed: 17179689667368180884

242 qeuew the Sneak (level 5, 0/24 HPs)
             Began as a Spriggan Enchanter on Nov 7, 2022.
             Slain by Menkaure (10 damage)
             ... on level 5 of the Dungeon.
             The game lasted 00:14:04 (5312 turns).

qeuew the Sneak (Spriggan Enchanter)                Turns: 5312, Time: 00:14:05

Health: 0/24       AC: 24    Str:  2 (4)  XL:     5   Next: 81%
Magic:  20/20      EV: -2    Int: 14 (17) God:
Gold:   217        SH:  0    Dex: 15 (17) Spells: 6/11 levels left

rFire   . . .      SeeInvis +   a - +2 dagger
rCold   . . .      Faith    .   (no shield)
rNeg    + . .      Spirit   .   h - +13 shadow dragon scales of Least Resistance {rN+ rCorr Stlth++++}
rPois   .          Reflect  .   (helmet restricted)
rElec   .          Harm     .   (no cloak)
rCorr   +          Rampage  .   (gloves unavailable)
Will    .....                   (boots unavailable)
Stlth   ++++......              (no amulet)
HPRegen 0.88/turn               g - ring of magical power
MPRegen 0.17/turn               (no ring)

@: very quick
A: very small, no large weapons, unfitting armour, see invisible, speed 3,
hooves 1, deterioration 1, regeneration 1
a: no special abilities


You were on level 5 of the Dungeon.
You visited 1 branch of the dungeon, and saw 5 of its levels.

You collected 217 gold pieces.

Inventory:

Hand Weapons
 a - a +2 dagger (weapon)
Armour
 h - the +13 shadow dragon scales of Least Resistance (worn) {rN+ rCorr Stlth++++}
   (You acquired it on level 3 of the Dungeon)

   rN:        It protects you from negative energy.
   rCorr:     It protects you from acid and corrosion.
   Stlth:     It makes you much more stealthy.
Jewellery
 g - a ring of magical power (left hand)
Potions
 b - a potion of flight
 c - 2 potions of invisibility
 d - 2 potions of berserk rage
 e - 2 potions of heal wounds
 f - a potion of resistance
 i - a potion of haste


   Skills:
 - Level 0.1 Fighting
 * Level 3.0 Short Blades
 * Level 0.3 Armour
 * Level 4.2 Dodging
 + Level 5.7 Stealth
 * Level 3.5 Spellcasting
 * Level 0.5 Conjurations
 * Level 4.2 Hexes
 * Level 1.4 Ice Magic


You had 6 spell levels left.
You knew the following spells:

 Your Spells              Type           Power      Damage    Failure   Level
a - Ensorcelled Hibernat  Hex/Ice        20%        N/A       100%        2
b - Dazzling Flash        Conj/Hex       18%        N/A       100%        3

Your spell library contained the following spells:

 Spells                   Type           Power      Damage    Failure   Level
 Blink                    Tloc           4%         N/A       100%        2
 Confusing Touch          Hex            14%        N/A       100%        3
 Lesser Beckoning         Tloc           2%         N/A       100%        3
 Tukima's Dance           Hex            14%        N/A       100%        3
 Airstrike                Air            1%         2d(1-17)  100%        4
 Summon Lightning Spire   Summ/Air       2%         N/A       100%        4
 Lightning Bolt           Conj/Air       1%         1d12      100%        5
 Manifold Assault         Tloc           2%         N/A       100%        5


Dungeon Overview and Level Annotations

Branches:
Dungeon (5/15)
 Temple: D:4-7

Altars:
Fedhas
Hepliaklqana
Sif Muna

Annotations:
D:5 Menkaure


Innate Abilities, Weirdness & Mutations

You are very small and have problems with some larger weapons.
You are too small for most types of armour.
You have supernaturally acute eyesight. (SInv)
You cover ground extremely quickly. (Speed+++)
You have large cloven feet.
Your body sometimes deteriorates upon taking damage.
Your natural rate of healing is unusually fast.


Message History

Menkaure calls on the powers of darkness!
Your body is wracked with pain!
Your body deteriorates!
You feel clumsy.
You are too injured to fight recklessly!
You are too injured to fight recklessly!
You are too injured to fight recklessly!
You are too injured to fight recklessly!
You are too injured to fight recklessly!
You are too injured to fight recklessly!
You are too injured to fight recklessly!
You are too injured to fight recklessly!
You are too injured to fight recklessly!
You are too injured to fight recklessly!
You are too injured to fight recklessly!
You are too injured to fight recklessly!
You are too injured to fight recklessly!
You are too injured to fight recklessly!
You hit Menkaure.
Menkaure is almost destroyed.
Menkaure hits you but does no damage.
You barely miss Menkaure. You kick Menkaure, but do no damage.
Menkaure is almost destroyed.
Menkaure hits you but does no damage.
You hit Menkaure but do no damage. You kick Menkaure, but do no damage.
Menkaure is almost destroyed.
Menkaure hits you but does no damage.
You barely miss Menkaure. You kick Menkaure, but do no damage.
Menkaure is almost destroyed.
Menkaure hits you but does no damage.
You hit Menkaure. You kick Menkaure, but do no damage.
Menkaure is almost destroyed.
Menkaure calls on the powers of darkness!
Your body is wracked with pain!
You hit Menkaure but do no damage.
Menkaure is almost destroyed.
Menkaure hits you but does no damage.
You hit Menkaure but do no damage.
Menkaure is almost destroyed.
Menkaure hits you!
You die...

####### #.....#
+.....# #.<..##..
##########.........
#....M@............
#...............(..
#...?...##....##...
#.......##?...# ..
#........+....# #
#.##....##...... ##
#######.......
...!...


You could see Menkaure (fast).

Vanquished Creatures
  A necrophage (D:4)
  An orc wizard (D:3)
  3 adders
  An ufetubus (D:4)
  3 worms (D:2)
  3 dart slugs
  13 orcs
  9 endoplasms
  3 giant cockroaches (D:2)
  5 goblins (D:1)
  3 hobgoblins
  5 jackals
  5 quokkas
  8 ball pythons
  7 bats
  7 frilled lizards
  4 kobolds
  9 rats
90 creatures vanquished.

Vanquished Creatures (others)
  7 demonic plants (D:1)
7 creatures vanquished.

Grand Total: 97 creatures vanquished

Notes
Turn   | Place    | Note
-------+----------+-------------------------------------------
     0 | D:1      | qeuew the Spriggan Enchanter began the quest for the Orb.
     0 | D:1      | Reached XP level 1. HP: 9/9 MP: 5/5
   234 | D:1      | Reached XP level 2. HP: 6/13 MP: 6/6
   237 | D:1      | Learned a level 2 spell: Ensorcelled Hibernation
   497 | D:1      | Found a faded altar of an unknown god.
  1351 | D:1      | Reached XP level 3. HP: 16/16 MP: 8/8
  2111 | D:2      | Reached skill level 5 in Stealth
  2633 | D:2      | Reached XP level 4. HP: 14/21 MP: 3/9
  2640 | D:2      | Reached skill level 1 in Ice Magic
  3625 | D:2      | Gained mutation: Your body sometimes deteriorates upon
                  | taking damage. [potion of mutation]
  3625 | D:2      | Gained mutation: Your natural rate of healing is unusually
                  | fast. [potion of mutation]
  3625 | D:2      | Gained mutation: You have large cloven feet. [potion of
                  | mutation]
  3651 | D:2      | Learned a level 3 spell: Dazzling Flash
  3792 | D:3      | Found a hazy altar of Hepliaklqana.
  4030 | D:3      | Reached XP level 5. HP: 7/24 MP: 5/11
  4507 | D:3      | Found a blossoming altar of Fedhas.
  4507 | D:3      | Found a shimmering blue altar of Sif Muna.
  4512 | D:3      | Identified a scroll of acquirement
  4512 | D:3      | Acquired the +13 shadow dragon scales of Least Resistance
                  | {rN+ rCorr Stlth++++}
  5292 | D:5      | Entered Level 5 of the Dungeon
  5293 | D:5      | Noticed Menkaure
  5312 | D:5      | Slain by Menkaure

Illustrated notes

Levels and vault maps discovered:
D:1:      erik_arrival_orb_chamber, layout_loops_corners,
          hellmonk_ecumenical_altar_blasted, grunt_decor_fettered,
          chequers_serial_rivers_micro_d, dreamdust_princess_corridor,
          corexii_hall_statues_t, roderic_lattice_a
D:2:      layout_rooms, minmay_misc_feat_plants, chequers_serial_rivers_room_b,
          minmay_pentomino_p4
D:3:      layout_basic, gammafunk_temple_overflow_statue,
          worldfamousw_hep_ancestral_shrine
D:4:      layout_basic
D:5:      layout_gridville, minmay_temple_entry_poolview, st_stairs_5,
          uniq_menkaure

Skill      XL: |  1  2  3  4  5 |
---------------+----------------+-----
Dodging        | 3 4 |  4.2
Stealth        | 5 |  5.7
Spellcasting   | 3 |  3.5
Short Blades   | 2 3 |  3.0
Ice Magic      | 1 |  1.4
Hexes          | 4 |  4.2
Fighting       | |  0.1
Armour         | |  0.3
Conjurations   | |  0.5

Action                   |  1- 3 |  4- 6 || total
-------------------------+-------+-------++-------
Melee: Dagger            |   121 |   160 ||   281
       Punch             |     3 |     2 ||     5
       Kick              |       |    29 ||    29
 Cast: Ensorcelled Hiber |    23 |    15 ||    38
  Use: Scroll            |     4 |     7 ||    11
       Potion            |     1 |     8 ||     9
 Stab: Sleeping          |    18 |    22 ||    40
Armor: Robe              |    11 |     7 ||    18
       Shadow dragon sca |       |    60 ||    60
Dodge: Dodged            |   115 |    73 ||   188
